 Dungeon Crawl Stone Soup version 0.29.1-14-g9c671dbff4 (webtiles) character file.

Game seed: 7517469577289353081

15 Heoruswealwe the Caller (level 2, 0/15 HPs)
             Began as a Deep Elf Summoner on Feb 14, 2023.
             Constricted to death by a ball python (1 damage)
             ... on level 1 of the Dungeon.
             The game lasted 00:07:52 (656 turns).

Heoruswealwe the Caller (Deep Elf Summoner)          Turns: 656, Time: 00:07:53

Health: 0/15       AC:  2    Str:  5    XL:     2   Next: 34%
Magic:  4/8        EV:  9    Int: 19    God:
Gold:   39         SH:  0    Dex: 15    Spells: 6/7 levels left

rFire   . . .      SeeInvis .   d - +0 dagger
rCold   . . .      Faith    .   (no shield)
rNeg    . . .      Spirit   .   a - +0 robe
rPois   .          Reflect  .   (no helmet)
rElec   .          Harm     .   (no cloak)
rCorr   .          Rampage  .   (no gloves)
Will    .....                   (no boots)
Stlth   ++........              (no amulet)
HPRegen 0.05/turn               (no ring)
MPRegen 0.11/turn               (no ring)

@: constricted
A: no striking features
a: no special abilities


You were on level 1 of the Dungeon.
You visited 1 branch of the dungeon, and saw 1 of its levels.

You collected 39 gold pieces.

Inventory:

Hand Weapons
 d - a +0 dagger (weapon)
 g - a +0 sling
 l - a +0 hand axe
Missiles
 c - 4 stones
Armour
 a - a +0 robe (worn)
 j - a +0 leather armour
 m - a +0 leather armour
Magical Staves
 h - a staff of fire
Jewellery
 e - a ring of fire
Scrolls
 f - a scroll of identify {unknown}
 n - a scroll of blinking {unknown}
 o - a scroll of vulnerability {unknown}
Potions
 b - a potion of magic
 i - a potion of haste {unknown}
 k - a potion of berserk rage {unknown}


   Skills:
 + Level 0.0 Fighting
 + Level 0.0 Long Blades
 + Level 2.5 Dodging
 + Level 2.4 Stealth
 * Level 3.0 Spellcasting
 + Level 0.0 Conjurations
 + Level 0.4 Hexes
 * Level 4.4 Summonings
 + Level 0.1 Necromancy
 + Level 0.3 Translocations
 + Level 0.0 Transmutations
 + Level 0.3 Fire Magic
 + Level 0.5 Ice Magic
 + Level 0.0 Air Magic
 + Level 0.6 Earth Magic
 + Level 0.2 Poison Magic
 + Level 0.0 Invocations
 + Level 0.0 Evocations


You had 6 spell levels left.
You knew the following spells:

 Your Spells              Type           Power      Damage    Failure   Level
a - Summon Small Mammal   Summ           76%        N/A       2%          1

Your spell library contained the following spells:

 Spells                   Type           Power      Damage    Failure   Level
 Call Imp                 Summ           19%        N/A       3%          2
 Call Canine Familiar     Summ           19%        N/A       8%          3
 Summon Guardian Golem    Hex/Summ       12%        N/A       17%         3
 Summon Lightning Spire   Summ/Air       11%        N/A       52%         4


Dungeon Overview and Level Annotations

Branches:
Dungeon (1/15)

Altars:


Message History

Your rat dies!
Your rat's corpse disappears in a puff of smoke!
The quokka bites you.
* * * LOW HITPOINT WARNING * * *
Your bat hits the ball python.
Casting: Summon Small Mammal (safe; 2% risk of failure)
Confirm with . or Enter, or press ? or * to list all spells.
Your bat barely misses the quokka.
The ball python closely misses your bat.
The ball python grabs your bat. The ball python constricts your bat.
The quokka bites you.
* * * LOW HITPOINT WARNING * * *
Your bat closely misses the quokka.
Your bat hits the quokka but does no damage.
Your bat struggles to escape constriction.
The ball python bites your bat. The ball python constricts your bat.
Your bat dies!
Your bat's corpse disappears in a puff of smoke!
Your rat barely misses the quokka.
Casting: Summon Small Mammal (safe; 2% risk of failure)
Confirm with . or Enter, or press ? or * to list all spells.
The quokka barely misses your rat.
Your rat barely misses the quokka.
The quokka bites your rat but does no damage.
The quokka twitches its whiskers.
The quokka barely misses your rat.
Your rat bites the quokka but does no damage.
The ball python closely misses your rat.
The ball python barely misses your rat. The quokka bites your rat.
Your rat dies!
Your rat's corpse disappears in a puff of smoke!
Casting: Summon Small Mammal (safe; 2% risk of failure)
Confirm with . or Enter, or press ? or * to list all spells.
The quokka bites your rat.
Your rat dies!
Your rat's corpse disappears in a puff of smoke!
You swap places.
Your bat hits the ball python. Your bat misses the ball python.
The ball python bites you but does no damage.
The ball python grabs you. The ball python constricts you.
You die...

#.. #.########## #.#........#
##### ############.#.######.#
......##..............# #.#
......................######.#
......##.....b........##.....#
..... #....r.S.#.#.#.##.#####
.... #.######@#.#.#.##.#
########..............##.#
#.......######.#.#.####.##
#.##.....................#
#.##.#########...#.####..#
#.##.#..##########.###...#
#.##.#...................#
###.##.##.#........#.......#
....##....#.######.#.......#


You could see a quokka, a ball python (ally target) and a friendly bat
(summoned).

Vanquished Creatures
  A jackal (D:1)
  A rat (D:1)
2 creatures vanquished.

Vanquished Creatures (collateral kills)
  4 endoplasms (D:1)
  A hobgoblin (D:1)
  3 jackals (D:1)
  A ball python (D:1)
  A frilled lizard (D:1)
  A rat (D:1)
11 creatures vanquished.

Grand Total: 13 creatures vanquished

Notes
Turn   | Place    | Note
-------+----------+-------------------------------------------
     0 | D:1      | Heoruswealwe the Deep Elf Summoner began the quest for the
                  | Orb.
     0 | D:1      | Reached XP level 1. HP: 10/10 MP: 6/6
   431 | D:1      | Reached XP level 2. HP: 15/15 MP: 5/8
   656 | D:1      | Constricted to death by a ball python

Illustrated notes

Levels and vault maps discovered:
D:1:      dpeg_arrival_arbitrary_a, layout_basic,
          shapermc_ecumenical_altar_mp_highgroup, chequers_serial_rivers_marsh

Action                   || total
-------------------------++-------
Melee: Dagger            ||    22
 Cast: Summon Small Mamm ||    21
Armor: Robe              ||     5
Dodge: Dodged            ||    15
